 Dungeon Crawl Stone Soup version 0.20.1-1-g8b1a95d (webtiles) character file.

296453 equalderp2856 the Peltast (level 20, -4/168 HPs)
             Began as a Minotaur Fighter on Sept 23, 2017.
             Killed by divine providence
             ... invoked by a daeva
              (8 damage)
             ... on level 3 of the Abyss on Sept 24, 2017.
             The game lasted 03:10:46 (66556 turns).

equalderp2856 the Peltast (Minotaur Fighter)       Turns: 66556, Time: 03:10:46

Health: -4/168     AC: 43    Str: 21    XL:     20   Next: 8%
Magic:  0/32       EV:  7    Int: 12    God:
Gold:   108        SH: 20    Dex: 11    Spells: 28/37 levels left

rFire    . . .     SeeInvis .   y - +0 broad axe
rCold    . . .     Gourm    .   W - +0 large shield {AC+3}
rNeg     . . .     Faith    .   L - +8 orange crystal plate armour {Archmagi, Int+3 Clar}
rPois    .         Spirit   +   M - +1 hat
rElec    .         Reflect  .   R - +0 cloak
rCorr    .         Harm     .   z - +2 pair of gloves
MR       +....     Clarity  +   h - +2 pair of boots {run}
Stlth    ..........             w - amulet of guardian spirit
Regen    0.0/turn               g - +4 ring of evasion
MPRegen  0.3/turn               K - ring of flight

@: very slightly contaminated, non-regenerating, diseased, slowed, glowing, very
heavily drained, very slow
A: retaliatory headbutt, horns 2, [clumsy 2], frail 1, screaming 1
}: 2/15 runes: decaying, gossamer
a: Evoke Flight


You were on level 3 of the Abyss.
You were hungry.

You visited 6 branches of the dungeon, and saw 33 of its levels.
You visited the Abyss 3 times.
You visited 1 bazaar.
You also visited: Labyrinth, Ice Cave and Volcano.

You collected 3597 gold pieces.
You spent 3489 gold pieces at shops.

Inventory:

Hand Weapons
 a - a +1 war axe of chopping
 y - a +0 broad axe (weapon)
 E - a +2 trident of flaming
 Q - a +3 war axe
Armour
 b - +0 swamp dragon scales
 c - a +0 shield
 h - a +2 pair of boots of running (worn)
 z - a +2 pair of gloves (worn)
 H - a +0 buckler
 L - the +8 orange crystal plate armour (worn) {Archmagi, Int+3 Clar}
   (You bought it in a shop on level 6 of the Dungeon)

   It affects your intelligence (+3).
   It protects you against confusion.
 M - a +1 hat (worn)
 N - a +2 buckler
 R - a +0 cloak (worn)
 V - a +2 chain mail of cold resistance
 W - a +0 large shield of protection (worn)
Jewellery
 d - the ring of Peizosh {+Inv Stlth-}
   (You took it off a minotaur in a labyrinth)

   [ring of loudness]

   It lets you turn invisible.
   It makes you less stealthy.
 e - an uncursed ring of protection from fire
 g - a +4 ring of evasion (left hand)
 v - an uncursed ring of teleportation
 w - an amulet of guardian spirit (around neck)
 A - a +4 ring of dexterity
 B - an uncursed ring of magical power
 G - an uncursed ring of see invisible
 K - a ring of flight (right hand)
 Y - an uncursed ring of resist corrosion
Wands
 m - a wand of iceblast (5/15)
 s - a wand of confusion (24/48)
 u - a wand of paralysis (9/24)
 x - a wand of disintegration (14/24)
 D - a wand of acid (0/15)
 P - a wand of polymorph (22/24)
 S - a wand of acid (5/15)
Scrolls
 i - 13 scrolls of remove curse
 l - a scroll of recharging
 q - 5 scrolls of identify
 F - 2 scrolls of fog
 O - a scroll of amnesia
 X - a scroll of enchant weapon
Potions
 j - 2 potions of resistance
 n - a potion of curing
 o - 2 potions of might
 C - 2 potions of cancellation
 I - a potion of agility
 J - 2 potions of haste
 T - a potion of berserk rage
 U - a potion of magic
 Z - a potion of flight
Comestibles
 f - 18 bread rations
 k - 38 fruits
 p - 6 meat rations


   Skills:
 + Level 17.7(13.1) Fighting
 + Level 20.0(15.5) Axes
 + Level 7.0(10.6) Polearms
 + Level 18.0(13.4) Armour
 + Level 5.1(1.8) Dodging
 + Level 2.4(0.0) Stealth
 + Level 20.4(15.6) Shields
 * Level 9.3(5.5) Spellcasting
 + Level 5.0(1.6) Charms
 + Level 2.1(0.0) Evocations


You had 28 spell levels left.
You knew the following spells:

 Your Spells              Type           Power        Failure   Level  Hunger
a - Swiftness             Chrm/Air       #.......     100%        2    ##.....
b - Blink                 Tloc           N/A          100%        2    ##.....
c - Passwall              Tmut/Erth      #.........   100%        2    ##.....
d - Stone Arrow           Conj/Erth      #.....       100%        3    ###....


Dungeon Overview and Level Annotations

Branches:
Dungeon (15/15)            Temple (0/1) D:7            Lair (6/6) D:8
  Swamp (4/4) Lair:4       Spider (4/4) Lair:4        Slime (0/5) Lair:6
    Orc (2/2) D:9             Elf (0/3) Orc:2        Vaults (2/5) D:14
  Crypt (0/3) Vaults:2     Depths (0/5) D:15

Altars:
Dithmenos
Gozag
Hepliaklqana
Makhleb
Nemelex Xobeh
Okawaru
Qazlal
Ru
Trog
Vehumet
Xom
The Shining One

Shops:
D:6 !![(:   D:7 *   D:9 [=   D:14 !   Orc:2 !=[=

Annotations:
Swamp:1 exclusion: Roxanne, Roxanne


Innate Abilities, Weirdness & Mutations

You reflexively headbutt those who attack you in melee.
You have a pair of horns on your head.
You are frail. (-10% HP)
You occasionally shout uncontrollably at your foes.
[You are very clumsy. (Dex -4)]


Message History

The ancient zyme is engulfed in spectral mist.
You block the revenant's attack.
Unknown command.
Okay, then.
Okay, then.
Evoke which item? (* to show all) (? for menu, Esc to quit)
Aiming: Corrosive Bolt (will waste charges)
Press: ? - help, Shift-Dir - straight line, f - revenant
Aim: a revenant (spectral mist, heavily damaged, haloed)
The bolt of acid hits the revenant.
The revenant is splashed with acid.
The acid corrodes the revenant!
The revenant is severely damaged.
Evoking this partially-identified wand wasted a few charges.
You are engulfed in spectral mist.
* * * LOW HITPOINT WARNING * * *
The ancient zyme is engulfed in spectral mist.
You block the revenant's attack.
The daeva is engulfed in spectral mist.
The daeva calls down the wrath of the Shining One upon you.
The Shining One smites you!
You die...

.
##.x#.#≈.
..###.. .
%..## #
##
#≈#.#.#
#≈#≈.. .
##..§. ##
≈ #§x§ .#
≈ ##A (.#
#L#§..#
#@### #
### ##


You could see a daeva, a revenant and an ancient zyme.

Vanquished Creatures
  the Lernaean hydra (Swamp:3)
  A bone dragon (Abyss:3)
  Rupert (Spider:1)
  A lich (Vaults:2)
  Frances (D:13)
  2 tentacled starspawn
  An Executioner (Abyss:3)
  5 thorn hunters
  A revenant (Vaults:2)
  5 vault wardens
  Louise (Spider:1)
  5 ghost moths
  6 emperor scorpions
  2 stone giants
  4 ironheart preservers
  A very ugly thing (Swamp:4)
  Azrael (D:15)
  A vampire knight (Vaults:2)
  A dire elephant (D:15)
  3 entropy weavers
  A spark wasp (Spider:4)
  2 deep elf annihilators
  An ettin (Orc:2)
  2 deep elf death magi
  A fire dragon (D:14)
  The ghost of Dirian the Cleaver, a journeyman MiFi of Makhleb (IceCv)
  A minotaur (Lab)
  4 yaktaur captains
  3 great orbs of eyes (Vaults:2)
  Fannar (Lair:2)
  3 ice dragons
  A ghost crab (Swamp:3)
  A rakshasa (Vaults:1)
  23 hydras
  2 vault guards (Vaults:2)
  2 death knights
  7 centaur warriors
  27 two-headed ogres
  6 ogre magi
  9 alligators
  6 orc high priests
  The ghost of vatarom the Pure, a novice DsAK of Lugonu (D:11)
  2 tengu warriors (D:13)
  A thrashing horror (Abyss:3)
  A deep troll earth mage (Vaults:2)
  A sun demon (Volcano)
  4 deep elf knights (Vaults:2)
  3 wretched stars
  A hell knight (Volcano)
  4 unseen horrors
  3 skeletal warriors (Vaults:1)
  3 sixfirhies
  4 spriggan druids
  3 deep trolls (Vaults:2)
  7 ironbrand convokers
  5 shambling mangroves
  A wizard (Vaults:2)
  A shadow demon (Abyss:3)
  12 swamp dragons
  5 orc knights
  5 deep elf archers (Vaults:2)
  4 deep elf magi
  15 orb spiders
  30 wolf spiders
  A mana viper (shapeshifter) (Vaults:1)
  17 ugly things
  3 orc sorcerers (Orc:2)
  2 wolf spider zombies (D:15)
  9 cyclopes
  A worldbinder (Abyss:3)
  2 moths of wrath
  20 elephants
  2 ice statues (IceCv)
  Maurice (D:8)
  A black mamba (shapeshifter) (Vaults:1)
  5 black mambas
  A guardian serpent (Abyss:2)
  Psyche (D:8)
  5 vault sentinels
  A guardian serpent (shapeshifter) (Vaults:1)
  3 torpor snails
  A smoke demon (Abyss:2)
  2 gargoyles
  20 spiny frogs
  2 molten gargoyles (Volcano)
  A hellion (Abyss:3)
  A spiny frog (shapeshifter) (Vaults:1)
  2 kobold demonologists (D:15)
  8 rime drakes
  2 freezing wraiths (Vaults:2)
  7 demonic crawlers
  A komodo dragon (shapeshifter) (D:15)
  An efreet (Abyss:3)
  9 komodo dragons
  10 trolls
  29 yaktaurs
  2 ancient zymes (Abyss:3)
  2 red devils (Volcano)
  38 jumping spiders
  6 polar bears
  A troll (shapeshifter) (Vaults:1)
  5 large abominations
  8 tyrant leeches
  34 hornets
  8 raiju
  30 blink frogs
  6 bog bodies
  A snapping turtle (shapeshifter) (Vaults:2)
  26 slime creatures
  16 dream sheep
  A frost giant simulacrum (Vaults:1)
  10 hippogriffs
  3 starcursed masses
  A vampire (D:14)
  Sigmund (D:4)
  3 wraiths
  91 redbacks
  24 spriggans
  A water elemental (D:15)
  8 wyverns
  4 basilisks
  3 shadows
  21 yaks
  36 tarantellas
  3 fire bats
  5 fire elementals (D:15)
  6 hungry ghosts
  A neqoxec (Abyss:2)
  19 vampire mosquitoes
  10 insubstantial wisps
  4 wargs
  23 swamp worms
  14 water moccasins
  5 small abominations
  7 acid dragons
  Duvessa (D:7)
  4 hell hounds
  9 porcupines
  10 sky beasts
  22 ice beasts
  13 swamp drakes
  31 orc warriors
  2 eyes of draining
  2 black bears
  10 boggarts
  19 ogres
  8 phantoms
  An eye of draining (shapeshifter) (D:14)
  21 wolves
  20 centaurs
  14 crocodiles
  3 big kobolds
  A wyvern zombie (D:6)
  2 gnoll sergeants
  15 bullfrogs
  Dowan (D:7)
  An ogre simulacrum (Vaults:1)
  7 scorpions
  14 killer bees
  6 howler monkeys
  A troll skeleton (Lab)
  22 wights
  6 electric eels
  2 bullfrog zombies
  5 crimson imps
  3 quasits
  A centaur zombie (D:10)
  8 lava snakes (Volcano)
  13 hounds
  5 jellies
  7 centaur skeletons
  37 orc priests
  29 orc wizards
  A bullfrog skeleton (D:7)
  6 iguanas
  16 worker ants
  2 killer bee zombies
  An ogre skeleton (Lab)
  A hound skeleton (D:10)
  2 worker ant zombies (D:7)
  13 adders
  9 gnolls
  A river rat (Lair:6)
  4 shadow imps
  A white imp (Abyss:2)
  3 oozes
  An adder zombie (D:6)
  4 adder skeletons
  6 worms
  A dart slug (D:2)
  8 leopard geckos
  74 orcs
  9 bats
  5 giant cockroaches
  8 hobgoblins
  12 jackals
  19 kobolds
  4 quokkas
  2 ball pythons
  A frilled lizard (D:3)
  8 goblins
  A jackal skeleton (D:8)
  A jackal zombie (D:5)
  3 leopard gecko skeletons
  A quokka zombie (D:6)
  8 rats
  6 briar patches (Swamp:4)
  5 fungi
  2 plants
  2 starspawn tentacles
1549 creatures vanquished.

Vanquished Creatures (others)
  Nikola (Spider:4)
  A hydra (Abyss:3)
  An ancient zyme (Abyss:3)
  A shadow (Swamp:3)
  A tarantella (Spider:3)
  2 large abominations (Abyss:3)
  A swamp worm (Swamp:4)
  An ogre (Vaults:2)
  7 briar patches (Swamp:4)
  2 fungi (Lair:6)
  7 plants (D:15)
  4 starspawn tentacles
29 creatures vanquished.

Grand Total: 1578 creatures vanquished

Notes
Turn   | Place    | Note
-------+----------+-------------------------------------------
     0 | D:1      | equalderp2856 the Minotaur Fighter began the quest for the Orb.
     0 | D:1      | Reached XP level 1. HP: 19/19 MP: 0/0
   138 | D:1      | Reached XP level 2. HP: 23/27 MP: 1/1
   514 | D:1      | Reached XP level 3. HP: 33/33 MP: 2/2
   867 | D:2      | Reached XP level 4. HP: 39/40 MP: 3/3
  1536 | D:3      | Found a sacrificial altar of Ru.
  1590 | D:3      | Found an opulent altar of Gozag.
  1620 | D:3      | Found a radiant altar of Vehumet.
  1809 | D:4      | Reached XP level 5. HP: 46/46 MP: 4/4
  1850 | D:5      | Entered Level 5 of the Dungeon
  2072 | D:5      | Reached skill level 1 in Dodging
  2244 | D:5      | Noticed a sky beast
  2259 | D:5      | Killed a sky beast
  2259 | D:5      | Reached skill level 5 in Axes
  2259 | D:5      | Reached skill level 5 in Shields
  2259 | D:5      | Reached XP level 6. HP: 27/53 MP: 5/5
  2586 | D:5      | Reached skill level 5 in Armour
  2609 | D:5      | Noticed a sky beast
  2645 | D:5      | Killed a sky beast
  2714 | D:5      | Noticed a sky beast
  2887 | D:6      | Reached XP level 7. HP: 15/60 MP: 6/6
  2892 | D:6      | Reached skill level 5 in Fighting
  3170 | D:6      | Found Goyjus's Book Shoppe.
  3201 | D:6      | Found Xolit's Weapon Emporium.
  3380 | D:6      | Noticed a hippogriff
  3388 | D:6      | Killed a hippogriff
  3388 | D:6      | Reached XP level 8. HP: 54/69 MP: 7/7
  3578 | D:6      | Found Doiwn's Armour Shoppe.
  4235 | D:5      | Noticed a moth of wrath
  4280 | D:5      | Found a bloodstained altar of Trog.
  4707 | D:4      | Found a shadowy altar of Dithmenos.
  4755 | D:4      | Reached skill level 1 in Stealth
  4814 | D:4      | Noticed Sigmund
  4830 | D:4      | Killed Sigmund
  4880 | D:4      | Reached XP level 9. HP: 69/75 MP: 8/8
  5204 | D:4      | Found a sparkling altar of Nemelex Xobeh.
  5711 | D:6      | Found Bethao's Distillery.
  5727 | D:6      | Found Poegg's Distillery.
  5916 | D:7      | Found a staircase to the Ecumenical Temple.
  6058 | D:7      | Found a burning altar of Makhleb.
  6058 | D:7      | Found a stormy altar of Qazlal.
  6058 | D:7      | Noticed Duvessa
  6058 | D:7      | Noticed Dowan
  6059 | D:7      | Found a hazy altar of Hepliaklqana.
  6067 | D:7      | Killed Duvessa
  6069 | D:7      | Killed Dowan
  6103 | D:7      | Found Asikesuc's Assorted Antiques.
  6125 | D:7      | Bought a scroll labeled VOPITZIRI for 26 gold pieces
  6125 | D:7      | Bought a scroll labeled GEPEPY WUOGOL for 26 gold pieces
  6125 | D:7      | Bought a metallic grey potion for 23 gold pieces
  7077 | D:8      | Reached skill level 10 in Axes
  7263 | D:8      | Noticed Maurice
  7273 | D:9      | Found Ducvymink's Jewellery Emporium.
  7273 | D:9      | Found an iron altar of Okawaru.
  7456 | D:9      | Noticed a troll
  7466 | D:9      | Killed a troll
  7622 | D:9      | Found a shimmering altar of Xom.
  7711 | D:9      | Found Vyett's Armour Emporium.
  7722 | D:9      | Reached XP level 10. HP: 34/86 MP: 9/9
  8636 | D:9      | Noticed a two-headed ogre
  9018 | D:8      | Noticed Psyche
 10093 | D:8      | Killed Maurice
 10093 | D:8      | Reached skill level 10 in Shields
 10301 | D:8      | Found a staircase to the Lair.
 10724 | D:8      | Killed Psyche
 10999 | D:9      | Reached XP level 11. HP: 51/94 MP: 10/10
 11241 | D:9      | Killed a two-headed ogre
 11241 | D:9      | Reached skill level 10 in Armour
 11580 | D:9      | Found a staircase to the Orcish Mines.
 11741 | D:10     | Entered Level 10 of the Dungeon
 12077 | D:10     | Found a glowing golden altar of the Shining One.
 13340 | Lair:1   | Entered Level 1 of the Lair of Beasts
 13653 | Lair:1   | Noticed a seven-headed hydra
 13853 | D:10     | Killed an unseen horror
 14463 | D:11     | Noticed a two-headed ogre
 14546 | D:11     | Killed a two-headed ogre
 14851 | D:11     | Noticed a two-headed ogre
 15444 | D:11     | Killed a two-headed ogre
 15580 | D:11     | Noticed vatarom's ghost (novice DsAK)
 15911 | D:11     | Noticed a centaur warrior
 15934 | D:11     | Killed a centaur warrior
 15934 | D:11     | Reached skill level 1 in Evocations
 16338 | D:12     | Reached XP level 12. HP: 105/106 MP: 11/11
 16437 | D:12     | Reached skill level 10 in Fighting
 16496 | D:12     | Found a frozen archway.
 16596 | IceCv    | Entered an ice cave
 16807 | IceCv    | Noticed Dirian's ghost (journeyman MiFi)
 16831 | IceCv    | Killed Dirian's ghost
 17060 | IceCv    | Noticed an ice dragon
 17060 | IceCv    | Noticed an ice dragon
 17080 | IceCv    | Killed an ice dragon
 17084 | IceCv    | Killed an ice dragon
 17809 | D:12     | Noticed a centaur warrior
 17819 | D:12     | Killed a centaur warrior
 18147 | Lair:1   | Killed a seven-headed hydra
 18158 | Lair:1   | Reached skill level 1 in Polearms
 18460 | Lair:1   | Reached skill level 15 in Axes
 19188 | Lair:2   | Noticed a six-headed hydra
 19200 | Lair:2   | Killed a six-headed hydra
 19348 | Lair:2   | Reached XP level 13. HP: 97/116 MP: 12/12
 19534 | Lair:2   | Noticed Fannar
 19554 | Lair:2   | Killed Fannar
 21159 | Lair:4   | Found a staircase to the Swamp.
 21274 | Lair:4   | Found a labyrinth entrance.
 21306 | Lab      | Entered a labyrinth
 22143 | Lab      | Paralysed by fainting for 12 turns
 22315 | Lab      | Noticed a minotaur
 22326 | Lab      | Killed a minotaur
 22328 | Lab      | Got a smoking golden ring
 22360 | Lab      | Got a creamy pearl robe
 23937 | Lair:4   | Found a hole to the Spider Nest.
 24276 | Lair:4   | Identified the ring of Peizosh {+Inv Stlth-} (You took it off a minotaur in a labyrinth)
 24941 | Lair:5   | Reached skill level 1 in Spellcasting
 25941 | Lair:6   | Entered Level 6 of the Lair of Beasts
 25954 | Lair:6   | Reached skill level 5 in Dodging
 25954 | Lair:6   | Reached XP level 14. HP: 103/126 MP: 9/15
 25994 | Lair:6   | Found a staircase to the Slime Pits.
 26365 | Lair:6   | Found a dark tunnel.
 26383 | Volcano  | Entered a volcano
 26965 | Volcano  | Found a bloodstained altar of Trog.
 27815 | Lair:6   | Paralysed by a hornet for 2 turns
 28038 | Lair:6   | Reached skill level 5 in Polearms
 30310 | Lair:1   | Identified the +1 robe of the Harp {Dex+8 SInv} (You found it in a labyrinth)
 30376 | Lair:1   | Learned a level 2 spell: Swiftness
 30379 | Lair:1   | Learned a level 2 spell: Blink
 31150 | D:6      | Bought the +8 orange crystal plate armour {Archmagi, Int+3 Clar} for 1734 gold pieces
 31345 | Orc:1    | Entered Level 1 of the Orcish Mines
 31499 | Orc:2    | Entered Level 2 of the Orcish Mines
 31499 | Orc:2    | Noticed a stone giant
 31828 | Orc:1    | Killed a stone giant
 32242 | Orc:2    | Found a staircase to the Elven Halls.
 32368 | Orc:2    | Reached XP level 15. HP: 50/136 MP: 9/19
 33319 | Orc:2    | Found Hapi's Distillery.
 33319 | Orc:2    | Found Aqaf's Jewellery Shop.
 33322 | Orc:2    | Found Ezun's Armour Boutique.
 33322 | Orc:2    | Found Bomieb's Jewellery Boutique.
 33334 | Orc:2    | Paralysed by an orc sorcerer for 6 turns
 33707 | D:9      | Bought a +2 pair of boots of running for 622 gold pieces
 33944 | D:13     | Reached skill level 15 in Shields
 33970 | D:13     | Noticed Frances
 34023 | D:13     | You fall through a shaft for 2 floors!
 34023 | D:15     | Entered Level 15 of the Dungeon
 34936 | D:15     | Reached skill level 15 in Armour
 35167 | D:15     | Noticed Azrael
 35210 | D:15     | Killed Azrael
 35476 | D:15     | Identified Noscho's First Steps in Magic
 35873 | D:15     | Found a staircase to the Depths.
 36167 | D:14     | You fall through a shaft!
 36356 | D:14     | Found Pioheod's Distillery.
 36593 | D:14     | Reached skill level 5 in Spellcasting
 36696 | D:14     | Found a gate to the Vaults.
 38135 | D:13     | Killed Frances
 38586 | Swamp:1  | Entered Level 1 of the Swamp
 38690 | Swamp:1  | Noticed Roxanne
 39132 | Swamp:1  | Reached XP level 16. HP: 135/147 MP: 20/22
 40178 | Swamp:2  | Noticed a thorn hunter
 40195 | Swamp:2  | Killed a thorn hunter
 41849 | Swamp:3  | Noticed a thorn hunter
 41859 | Swamp:3  | Killed a thorn hunter
 42544 | Swamp:3  | Paralysed by a hornet for 2 turns
 42654 | Swamp:4  | Entered Level 4 of the Swamp
 42804 | Swamp:4  | Noticed a thorn hunter
 42850 | Swamp:4  | Killed a thorn hunter
 42850 | Swamp:4  | Reached skill level 15 in Fighting
 44247 | Swamp:4  | Noticed a thorn hunter
 44279 | Swamp:4  | Killed a thorn hunter
 44951 | Swamp:4  | Noticed a thorn hunter
 44956 | Swamp:4  | Noticed the 27-headed Lernaean hydra
 45994 | Swamp:3  | Killed the 27-headed Lernaean hydra
 45994 | Swamp:3  | Reached XP level 17. HP: 46/156 MP: 7/25
 48606 | Swamp:4  | Got a decaying rune of Zot
 49449 | D:6      | Bought a potion of haste for 110 gold pieces
 49449 | D:6      | Bought a potion of heal wounds for 55 gold pieces
 49449 | D:6      | Bought a potion of heal wounds for 55 gold pieces
 49776 | D:6      | Bought a book of Geomancy for 350 gold pieces
 49821 | D:6      | Learned a level 2 spell: Passwall
 49825 | D:6      | Learned a level 3 spell: Stone Arrow
 49982 | Spider:1 | Entered Level 1 of the Spider Nest
 50076 | Spider:1 | Noticed Louise
 50090 | Spider:1 | Killed Louise
 50477 | Spider:1 | Noticed Rupert
 50477 | Spider:1 | Paralysed by Rupert for 5 turns
 50501 | Spider:1 | Killed Rupert
 50520 | Spider:1 | Reached skill level 1 in Charms
 53444 | Spider:4 | Entered Level 4 of the Spider Nest
 54538 | Spider:4 | Reached XP level 18. HP: 164/166 MP: 28/28
 55081 | Spider:4 | Noticed Nikola
 56046 | D:6      | Bought 2 potions of resistance for 220 gold pieces
 56619 | Spider:4 | Killed Nikola
 58674 | Spider:4 | Got a gossamer rune of Zot
 60327 | D:9      | Bought a +0 large shield of protection for 172 gold pieces
 60483 | D:11     | Killed vatarom's ghost
 60559 | Vaults:1 | Entered Level 1 of the Vaults
 62423 | Vaults:2 | Paralysed by a great orb of eyes for 5 turns
 62469 | Vaults:2 | Reached XP level 19. HP: 171/174 MP: 28/30
 62663 | Vaults:2 | Found a flickering gateway to a bazaar.
 62690 | Bazaar   | Entered a bazaar
 62690 | Bazaar   | Found Jengaon's Antique Armour Emporium.
 62707 | Bazaar   | Found Ahat's Magic Scroll Boutique.
 62714 | Bazaar   | Found Ehiph's Jewellery Emporium.
 62720 | Bazaar   | Found Kythro's Weapon Shoppe.
 62728 | Bazaar   | Found Goobap's Antique Weapon Emporium.
 62800 | Bazaar   | Bought a scroll of teleportation for 48 gold pieces
 62800 | Bazaar   | Bought a scroll of teleportation for 48 gold pieces
 63231 | Vaults:2 | Paralysed by an ogre mage for 4 turns
 63252 | Vaults:2 | Cast into level 3 of the Abyss (a deep elf sorcerer)
 63340 | Abyss:3  | Noticed a bone dragon
 63376 | Abyss:3  | Killed a bone dragon
 63428 | Abyss:3  | Reached skill level 5 in Charms
 63663 | Vaults:2 | Escaped the Abyss
 63699 | Vaults:2 | HP: 7/177 [acid[an ironheart preserver] (5)]
 64902 | Vaults:2 | Found a staircase to the Crypt.
 65412 | Vaults:2 | Cast into level 2 of the Abyss (a deep elf sorcerer)
 65412 | Abyss:2  | Found a corrupted altar of Lugonu.
 65636 | Abyss:2  | Gained mutation: You occasionally shout uncontrollably at your foes. [a neqoxec]
 65640 | Abyss:2  | Gained mutation: You are frail. (-10% HP) [a neqoxec]
 65816 | Vaults:2 | Escaped the Abyss
 65872 | Vaults:2 | Reached XP level 20. HP: 44/168 MP: 17/32
 66374 | Vaults:2 | Cast into level 3 of the Abyss (a deep elf sorcerer)
 66543 | Abyss:3  | HP: 5/168 [revenant/ghostly fireball (20)]
 66548 | Abyss:3  | HP: 6/168 [revenant/ghostly fireball (14)]
 66553 | Abyss:3  | HP: 5/168 [daeva/divine providence (7)]
 66556 | Abyss:3  | Killed from afar by a daeva

Skill      XL: |  1  2  3  4  5  6  7  8  9 10 11 12 13 14 15 16 17 18 19 20 |
---------------+-------------------------------------------------------------+-----
Armour         | 4 5 6 7 8 9 11 12 13 14 15 16 17 18 | 18.0
Fighting       | 4 5 6 7 8 9 11 12 13 14 15 16 17 | 17.7
Shields        | 4 5 6 7 8 10 11 12 13 14 16 17 18 19 20 | 20.4
Axes           | 3 4 5 6 8 10 12 13 15 16 17 18 19 20 | 20.0
Dodging        | 1 2 3 4 5 |  5.1
Stealth        | 1 2 |  2.4
Evocations     | 1 2 |  2.1
Polearms       | 2 4 5 6 7 |  7.0
Spellcasting   | 1 3 5 6 7 8 9 |  9.3
Charms         | 2 4 5 |  5.0

Action                   |  1- 3 |  4- 6 |  7- 9 | 10-12 | 13-15 | 16-18 | 19-21 || total
-------------------------+-------+-------+-------+-------+-------+-------+-------++-------
Melee: War axe           |    72 |   148 |   444 |  1044 |  1877 |  1924 |       ||  5509
       Headbutt          |    10 |    24 |    73 |   212 |   490 |   670 |   263 ||  1742
       Spear             |       |       |       |    36 |    52 |       |       ||    88
       Trident           |       |       |       |       |    64 |   149 |       ||   213
       Broad axe         |       |       |       |       |       |   470 |   839 ||  1309
 Abil: Evoke Invisibilit |       |       |       |       |     1 |       |       ||     1
       Evoke Flight      |       |       |       |       |       |     6 |     1 ||     7
Evoke: Wand              |       |       |       |    11 |     9 |     8 |     1 ||    29
  Use: Potion            |       |     3 |     1 |     7 |     9 |    12 |     7 ||    39
       Scroll            |       |       |     2 |    28 |     9 |    10 |     8 ||    57
 Stab: Paralysed         |       |       |       |     1 |       |       |       ||     1
       Invisible         |       |       |       |       |       |     3 |       ||     3
       Confused          |       |       |       |       |       |     2 |       ||     2
       Distracted        |       |       |       |       |       |     1 |       ||     1
  Eat: Chunk             |       |     5 |    15 |    27 |    39 |    43 |     4 ||   133
       Fruit             |       |       |     1 |     8 |    13 |    13 |       ||    35
       Royal jelly       |       |       |       |     4 |     2 |     3 |       ||     9
       Meat ration       |       |       |       |       |     3 |     3 |     2 ||     8
Armor: Scale mail        |    28 |    70 |   102 |       |       |       |       ||   200
       Plate armour      |       |       |    78 |   658 |   442 |       |       ||  1178
       Skin              |       |       |       |     1 |       |       |       ||     1
       Crystal plate arm |       |       |       |       |   351 |  1921 |   443 ||  2715
Dodge: Dodged            |    25 |    45 |   123 |   321 |   507 |   955 |   210 ||  2186
Block: Shield            |    50 |    84 |   281 |   654 |  1085 |  1918 |       ||  4072
       Large shield      |       |       |       |       |       |   295 |   950 ||  1245
